 Dungeon Crawl Stone Soup version 0.26.1-11-gd32895ea62 (webtiles) character file.

Game seed: 13628580735857223729

287 Gerhazo the Conjurer (level 6, -1/32 HPs)
             Began as a Deep Elf Conjurer on May 30, 2021.
             Killed from afar by an orc wizard (7 damage)
             ... with a puff of flame
             ... on level 4 of the Dungeon.
             The game lasted 00:03:44 (3382 turns).

Gerhazo the Conjurer (Deep Elf Conjurer)            Turns: 3382, Time: 00:03:45

Health: -1/32      AC:  7    Str:  4    XL:     6   Next: 8%
Magic:  9/15       EV: 13    Int: 25    God:
Gold:   136        SH:  0    Dex: 13    Spells: 12/15 levels left

rFire    . . .     SeeInvis .   l - +0 flail
rCold    . . .     Faith    .   (no shield)
rNeg     . . .     Spirit   .   a - +0 robe
rPois    .         Reflect  .   (no helmet)
rElec    .         Harm     .   (no cloak)
rCorr    .         Rampage  .   e - +0 pair of gloves
Will     .....                  (no boots)
Stlth    ++........             (no amulet)
HPRegen  0.10/turn              g - +4 ring of protection
MPRegen  0.14/turn              m - ring of flight

@: no status effects
A: no striking features
a: Evoke Flight


You were on level 4 of the Dungeon.
You visited 2 branches of the dungeon, and saw 5 of its levels.

You collected 136 gold pieces.

Inventory:

Hand Weapons
 l - a +0 flail (weapon)
Armour
 a - a +0 robe (worn)
 e - a +0 pair of gloves (worn)
Jewellery
 g - a +4 ring of protection (left hand)
 m - a ring of flight (right hand)
Scrolls
 b - a scroll of enchant weapon {unknown}
 c - a scroll of enchant armour {unknown}
 d - 5 scrolls of teleportation {unknown}
 f - a scroll of noise {unknown}
 h - a scroll of magic mapping {unknown}
 i - a scroll of blinking {unknown}
 k - a scroll of random uselessness {unknown}
 n - 3 scrolls of identify {unknown}
 p - a scroll of immolation {unknown}
 r - a scroll of remove curse {unknown}
Potions
 j - a potion of lignification {unknown}
 o - 2 potions of curing {unknown}
 q - a potion of ambrosia {unknown}
 s - 2 potions of degeneration {unknown}


   Skills:
 - Level 2.4 Dodging
 - Level 2.4 Stealth
 + Level 5.3 Spellcasting
 * Level 7.1 Conjurations


You had 12 spell levels left.
You knew the following spells:

 Your Spells              Type           Power        Failure   Level
a - Magic Dart            Conj           100%         1%          1
b - Searing Ray           Conj           84%          1%          2

Your spell library contained the following spells:

 Spells                   Type           Power        Failure   Level
 Dazzling Flash           Conj/Hex       48%          5%          3
 Fulminant Prism          Conj/Hex       12%          19%         4
 Iskenderun's Mystic Bla  Conj/Tloc      24%          19%         4


Dungeon Overview and Level Annotations

Branches:
Dungeon (4/15)             Temple (1/1) D:4

Altars:
Ashenzari
Cheibriados
Dithmenos
Elyvilon
Fedhas
Makhleb
Nemelex Xobeh
Okawaru
Qazlal
Ru
Sif Muna
Xom
Yredelemnul
The Shining One


Message History

* * * LOW HITPOINT WARNING * * *
An orc comes into view. It is wielding a +0 club.
The orc shouts!
The searing ray hits the orc priest!
You kill the orc priest!
You have reached level 6!
Your experience leads to an increase in your attributes!
Increase (S)trength, (I)ntelligence, or (D)exterity?
You feel clever.
Casting: Searing Ray (safe; 1% risk of failure)
Confirm with . or Enter, or press ? or * to list all spells.
Aiming: Searing Ray (safe; 1% risk of failure)
Press: ? - help, Shift-Dir - straight line, f - orc
Aim: an orc, wielding a +0 club and wearing a +0 leather armour (18% to evade)
The searing ray hits the orc!
You kill the orc! (Press . to maintain the ray.)
The orc wizard casts a spell at you. The puff of flame hits you!
You die...

.###.########
#......#
#.... .# #.#
#.######
#..## .# #.#
#.# #..## .#
#.# ###'####
#..## ## #.#
#......#
#..## #.#
#......#
#..## #.#
#......#
#..## #.#
#......#
#..## #.#
#..@...#
#..## #.#
###.####
#..##
##'#######
#.# #..##
#.....[..#
#)# #..#†
#.[....<.#
#)# #..#.
#........#
#o# #..#.
#........#
#o# #..#.
#........#
#.# #..##
#........#
#..##


You could see an orc wizard and an orc.

Vanquished Creatures
  2 scorpions (D:4)
  An orc priest (D:4)
  An orc wizard (D:4)
  A worker ant (D:4)
  A hound skeleton (D:4)
  3 adders
  A dart slug (D:1)
  A leopard gecko (D:3)
  7 orcs
  6 giant cockroaches
  4 goblins
  5 hobgoblins
  10 jackals
  3 kobolds
  A quokka (D:3)
  7 bats
  6 frilled lizards
  3 rats
63 creatures vanquished.

Notes
Turn   | Place    | Note
-------+----------+-------------------------------------------
     0 | D:1      | Gerhazo the Deep Elf Conjurer began the quest for the Orb.
     0 | D:1      | Reached XP level 1. HP: 10/10 MP: 6/6
   443 | D:1      | Reached XP level 2. HP: 15/15 MP: 5/8
   912 | D:1      | Reached skill level 5 in Conjurations
  1129 | D:2      | Found a stormy altar of Qazlal.
  1152 | D:2      | Found a snail-covered altar of Cheibriados.
  1312 | D:3      | Reached XP level 3. HP: 19/19 MP: 3/10
  1475 | D:3      | Learned a level 2 spell: Searing Ray
  1817 | D:3      | Reached XP level 4. HP: 24/24 MP: 1/12
  1984 | D:3      | Found a broken altar of Ashenzari.
  1986 | D:3      | Found a bloodstained altar of Trog.
  1986 | D:3      | Found a shimmering altar of Xom.
  1989 | D:3      | Found a blossoming altar of Fedhas.
  1989 | D:3      | Found an iron altar of Okawaru.
  1989 | D:3      | Found a shadowy altar of Dithmenos.
  2087 | D:4      | Reached skill level 6 in Conjurations
  2220 | D:4      | Found a sparkling altar of Nemelex Xobeh.
  2258 | D:4      | Found a staircase to the Ecumenical Temple.
  2270 | Temple   | Entered the Ecumenical Temple
  2609 | D:4      | Reached XP level 5. HP: 28/28 MP: 7/13
  3183 | D:4      | Reached skill level 5 in Spellcasting
  3183 | D:4      | Reached skill level 7 in Conjurations
  3213 | D:4      | Found an iron altar of Okawaru.
  3382 | D:4      | Reached XP level 6. HP: 6/32 MP: 11/15
  3382 | D:4      | Killed from afar by an orc wizard

Illustrated notes

Levels and vault maps discovered:
D:1:      minmay_arrival_cross, layout_loops_cross, grunt_decor_arrowhead
D:2:      layout_basic, nicolae_overflow_hidden_temple, cheibriados_altar_1
D:3:      layout_rooms, doesnt_xom_only_xom, kennysheep_another_room
D:4:      layout_basic, overflow_temple_1_default, kennysheep_mini_moat,
          minmay_temple_entry_junction
Temple:   compressed_dpeg_triangle_lava_temple

Skill      XL: |  1  2  3  4  5 |
---------------+----------------+-----
Conjurations   | 5 6 7 |  7.1
Spellcasting   | 4 5 |  5.3
Dodging        | |  2.4
Stealth        | |  2.4

Action                   |  1- 3 |  4- 6 || total
-------------------------+-------+-------++-------
Melee: Flail             |     2 |     3 ||     5
 Cast: Magic Dart        |    56 |       ||    56
       Searing Ray       |    12 |    23 ||    35
  Use: Potion            |       |     2 ||     2
Armor: Robe              |     6 |     3 ||     9
Dodge: Dodged            |    24 |     5 ||    29
